 Dungeon Crawl Stone Soup version 0.24-a0-375-g4de66ed42b (webtiles) character file.

Game seed: 5516704323046783288

88 ohad the Changer (level 4, -2/28 HPs)
             Began as an Octopode Transmuter on May 31, 2019.
             Slain by an adder (4 damage)
             ... on level 2 of the Dungeon.
             The game lasted 00:02:41 (1565 turns).

ohad the Changer (Octopode Transmuter)              Turns: 1565, Time: 00:02:42

Health: -2/28      AC:  1    Str: 13    XL:     4   Next: 54%
Magic:  8/8        EV: 13    Int: 16    God:
Gold:   141        SH:  0    Dex: 12    Spells: 3/9 levels left

rFire    . . .     SeeInvis .     - Unarmed
rCold    . . .     Gourm    .   (no shield)
rNeg     . . .     Faith    .   (helmet restricted)
rPois    .         Spirit   .   (no amulet)
rElec    .         Reflect  .   i - +4 ring of strength
rCorr    .         Harm     .   (no ring)
MR       .....                  (no ring)
Stlth    ++........             (no ring)
HPRegen  0.09/turn              (no ring)
MPRegen  0.11/turn              (no ring)
                                (no ring)
                                (no ring)

@: lethally poisoned (-2 -> -5), appendage, hasted, very quick
A: almost no armour, stealthy swim, amphibious, 8 rings, constrict 8, tentacle
spike 3, camouflage 1, gelatinous body 1
a: End Transformation


You were on level 2 of the Dungeon.
You were not hungry.
One of your tentacles had a temporary spike.
You visited 1 branch of the dungeon, and saw 2 of its levels.

You collected 141 gold pieces.

Inventory:

Hand Weapons
 e - a +1 vampiric dagger
Missiles
 a - 33 arrows
Jewellery
 i - a +4 ring of strength (left tentacle)
Scrolls
 b - 2 scrolls of remove curse {unknown}
 g - a scroll of teleportation {unknown}
 j - a scroll of magic mapping {unknown}
 k - 4 scrolls of blinking {unknown}
Potions
 h - a potion of cancellation {unknown}
Comestibles
 c - 4 rations
 d - 2 chunks of flesh


   Skills:
 - Level 1.0 Fighting
 - Level 2.0 Dodging
 - Level 3.0 Unarmed Combat
 + Level 3.0 Spellcasting
 * Level 3.8 Transmutations


You had 3 spell levels left.
You knew the following spells:

 Your Spells              Type           Power        Failure   Level  Hunger
a - Beastly Appendage     Tmut           ##....       3%          1    #......
b - Sticks to Snakes      Tmut           ##......     6%          2    ##.....
c - Spider Form           Tmut/Pois      #.........   26%         3    ###....

Your spell library contained the following spells:

 Spells                   Type           Power        Failure   Level  Hunger
 Ice Form                 Ice/Tmut       #.......     63%         4    #####..
 Blade Hands              Tmut           ##........   71%         5    ######.


Dungeon Overview and Level Annotations

Branches:
Dungeon (2/15)

Altars:
The Shining One

Annotations:
D:2 Natasha


Innate Abilities, Weirdness & Mutations

You cannot wear most types of armour.
You are very stealthy in the water. (Stealth+)
You are amphibious.
You can wear up to eight rings at the same time.
You can use your tentacles to constrict eight enemies at once.
Your skin changes colour to match your surroundings (Stealth+).
Your rubbery body absorbs attacks. (AC +1, EV +1)
One of your tentacles bears a large vicious spike.


Message History

The adder bites you.
You closely miss the adder. Your grab misses the adder. The adder bites you.
You completely miss the adder. You grab the adder.
Your tentacle spike misses the adder.
You constrict the adder. The adder bites you.
You barely miss the adder.
The adder is lightly wounded.
You constrict the adder. The adder bites you.
You are poisoned.
The adder poisons you!
You tentacle-slap the adder.
The adder is heavily wounded.
You constrict the adder.
You feel sick. The adder bites you. x2
Natasha howls an incantation.
Natasha glows brightly for a moment.
Natasha claws you!
* * * LOW HITPOINT WARNING * * *
It was a potion of haste.
You feel yourself speed up.
You constrict the adder. The adder bites you.
You die...

#.. #### #.. #.. #..(
#..
##....###############.##
#.......!...÷÷..(...#...
#$....########(..####.#.
#.####S@h....<......#.#.
.......%................
#........#.......†..#.#.
.####......(.#.#.##...#.
...................)..
..........#.#.#.##.###.
###.#######.#.#..... ##
... $.#.#.###. .. ##.
#### ### .###


You could see Natasha and an adder.

Vanquished Creatures
  Natasha (D:2)
  An adder (D:2)
  4 worms (D:2)
  5 bats
  A giant cockroach (D:2)
  5 goblins
  7 hobgoblins
  5 jackals
  3 kobolds
  A quokka (D:2)
  5 frilled lizards
  3 rats
41 creatures vanquished.

Notes
Turn   | Place    | Note
-------+----------+-------------------------------------------
     0 | D:1      | ohad the Octopode Transmuter began the quest for the Orb.
     0 | D:1      | Reached XP level 1. HP: 13/13 MP: 3/3
   186 | D:1      | Reached XP level 2. HP: 11/18 MP: 3/5
   385 | D:1      | Found a glowing golden altar of the Shining One.
   816 | D:2      | Reached XP level 3. HP: 23/23 MP: 4/6
   820 | D:2      | Learned a level 2 spell: Sticks to Snakes
   824 | D:2      | Learned a level 3 spell: Spider Form
  1263 | D:2      | Noticed Natasha
  1276 | D:2      | Reached XP level 4. HP: 13/28 MP: 4/8
  1285 | D:2      | Killed Natasha
  1558 | D:2      | Noticed Natasha
  1565 | D:2      | Slain by an adder

Levels and vault maps discovered:
D:1:      minmay_arrival_arboretum_small, layout_loops_cross, minivault_14,
          chequers_garden, tso_metal_star
D:2:      layout_basic, first_ration, grunt_decor_one_mirror, uniq_natasha

Skill      XL: |  1  2  3  4 |
---------------+-------------+-----
Transmutations | 3 |  3.8
Spellcasting   | 3 |  3.0
Fighting       | |  1.0
Dodging        | |  2.0
Unarmed Combat | |  3.0

Action                   |  1- 3 |  4- 6 || total
-------------------------+-------+-------++-------
Melee: Unarmed           |    70 |    23 ||    93
       Constrict         |    14 |     3 ||    17
       Tentacles         |     7 |       ||     7
       Kick              |     7 |       ||     7
       Punch             |     2 |       ||     2
 Cast: Beastly Appendage |     6 |     1 ||     7
       Spider Form       |     3 |     2 ||     5
  Use: Potion            |       |     1 ||     1
 Stab: Sleeping          |     3 |       ||     3
  Eat: Chunk             |     1 |     2 ||     3
Armor: Skin              |     9 |     1 ||    10
Dodge: Dodged            |    57 |    10 ||    67

Table legend:
 A = Non-vault XP
 B = Vault XP
 C = Vault XP percentage of total XP
 D = Non-vault monster count
 E = Vault monster count
 F = Vault count percentage of total count
                 A         B        C        D         E       F
            +---------+---------+-------+---------+---------+-------
      Total |      92 |      35 |  27.6 |      40 |       1 |   2.4
            +---------+---------+-------+---------+---------+-------
        D:1 |      29 |       0 |   0.0 |      17 |       0 |   0.0
        D:2 |      63 |      35 |  35.7 |      23 |       1 |   4.2
            +---------+---------+-------+---------+---------+-------
